 Dungeon Crawl Stone Soup version 0.28.0-62-gf88900778d (webtiles) character file.

Game seed: 394172679458004903

940360 TittyCrusher the Skullcrusher (level 27, -10/144 (193) HPs)
             Began as a Gargoyle Monk on May 17, 2023.
             Was a Priest of Cheibriados.
             Mangled by a caustic shrike (18 damage)
             ... on level 5 of the Iron City of Dis on May 19, 2023.
             The game lasted 05:27:29 (88381 turns).

TittyCrusher the Skullcrusher (Gargoyle Monk)      Turns: 88381, Time: 05:27:29

HP:   -10/144 (193) AC: 46    Str: 38 (42) XL:     27
MP:   39/45         EV: 17    Int: 25 (29) God:    Cheibriados [***...]
Gold: 3926          SH:  0    Dex: 16 (27) Spells: 1/41 levels left

rFire   + + .      SeeInvis .   a - +9 great mace (vorpal)
rCold   + . .      Faith    .   (shield currently unavailable)
rNeg    + + .      Spirit   .   j - +12 gold dragon scales
rPois   ∞          Reflect  .   m - +3 hat of Pondering {ponderous, Will+ MP+10 Int+5}
rElec   +          Harm     .   G - +0 cloak {Will+}
rCorr   .          Rampage  .   q - +2 pair of gloves {Dex+3}
Will    ++++.      Rnd*Tele +   A - +1 pair of boots of Generosity {rF+ Str+4}
Stlth   ..........              u - amulet of regeneration
HPRegen 1.14/turn               N - ring "Ytoxouha" {Fly rN+ Str+4 Int+4}
MPRegen 0.29/turn               X - +6 ring of strength

@: wereblooded, corroded, flying, studying 3 skills, very heavily drained, very
slow
A: sickness immunity, AC +20, big wings, negative energy resistance 1,
electricity resistance, torment resistance 1, petrification resistance, clumsy
1, deformed body, deterioration 1, screaming 1, teleportitis 1, [weak 1]
}: 10/15 runes: decaying, serpentine, slimy, silver, abyssal, demonic, glowing,
magical, fiery, dark
a: Renounce Religion, Bend Time, Temporal Distortion


You were on level 5 of the Iron City of Dis.
You worshipped Cheibriados.
Cheibriados was most pleased with you.
You visited 14 branches of the dungeon, and saw 63 of its levels.
You visited Pandemonium 1 time, and saw 15 of its levels.
You visited the Abyss 3 times.
You also visited: Ice Cave, Volcano and Desolation.

You collected 10617 gold pieces.
You spent 6691 gold pieces at shops.

Inventory:

Hand Weapons
 a - a +9 vorpal great mace (weapon)
 b - a +6 battleaxe of freezing
 c - the +0 morningstar of the Pure Dreams {holy, *Noise +Blink Dex+8}
   (You bought it in a shop on level 6 of the Dungeon)

   It has been blessed by the Shining One to cause great damage to the undead
   and demons.
   Dex:       It affects your dexterity (+8).
   +Blink:    It lets you blink.
   *Noise:    It may make noises in combat.
 i - a +4 battleaxe of flaming
 n - a +3 antimagic battleaxe
 R - a +6 great mace of holy wrath
Missiles
 B - 11 throwing nets (quivered)
Armour
 j - +12 gold dragon scales (worn)
 m - the +3 hat of Pondering (worn) {ponderous, Will+ MP+10 Int+5}
   (You found it on level 3 of the Elven Halls)

   Int:       It affects your intelligence (+5).
   MP:        It affects your magic capacity (+10).
   Will:      It increases your willpower.
 q - a +2 pair of gloves of dexterity (worn)
 A - the +1 pair of boots of Generosity (worn) {rF+ Str+4}
   (You found it on level 2 of the Realm of Zot)

   Str:       It affects your strength (+4).
   rF:        It protects you from fire.
 G - a +0 cloak of willpower (worn)
Jewellery
 r - a ring of protection from cold
 u - an amulet of regeneration (around neck)
 x - a ring of resist corrosion
 C - a ring of protection from fire
 I - the ring "Oredu" {rN++ Dex-3 Slay+3 SInv}
   (You took it off an ironbound convoker on level 5 of the Vaults)

   [ring of see invisible]

   Dex:       It affects your dexterity (-3).
   Slay:      It affects your accuracy & damage with ranged weapons and melee
   (+3).
   rN:        It greatly protects you from negative energy.
   SInv:      It lets you see invisible.
 K - a ring of see invisible
 N - the ring "Ytoxouha" (left hand) {Fly rN+ Str+4 Int+4}
   (You acquired it on level 4 of the Vaults)

   [ring of positive energy]

   Str:       It affects your strength (+4).
   Int:       It affects your intelligence (+4).
   rN:        It protects you from negative energy.
   Fly:       It grants you flight.
 U - an amulet of faith
 W - a ring of protection from cold
 X - a +6 ring of strength (right hand)
Wands
 l - a wand of paralysis (34)
 y - a wand of polymorph (35)
 D - a wand of iceblast (39)
 P - a wand of mindburst (19)
 S - a wand of digging (8)
Scrolls
 g - a scroll of summoning
 o - 5 scrolls of blinking
 s - 19 scrolls of teleportation
 v - 7 scrolls of immolation
 z - 13 scrolls of vulnerability
 E - 5 scrolls of holy word
 L - 5 scrolls of fear
 O - 8 scrolls of magic mapping
 V - 10 scrolls of fog
Potions
 d - a potion of mutation
 e - 3 potions of magic
 h - 2 potions of cancellation
 p - 3 potions of invisibility
 F - a potion of resistance
 J - a potion of might
 M - 10 potions of attraction
 T - 6 potions of heal wounds
 Z - 18 potions of curing
Miscellaneous
 f - a condenser vane (inert)
 k - the horn of Geryon (inert)
 H - a tin of tremorstones (inert)
 Y - a lightning rod (4/4)


   Skills:
 - Level 25.0 Fighting
 - Level 11.9(20.0) Axes
 O Level 27 Maces & Flails
 - Level 21.1 Armour
 - Level 19.7 Dodging
 - Level 2.1 Stealth
 - Level 7.5 Spellcasting
 - Level 8.9 Hexes
 - Level 9.2 Summonings
 + Level 16.1 Necromancy
 - Level 7.6 Translocations
 + Level 16.1 Transmutations
 - Level 16.7 Invocations
 - Level 13.8 Evocations


You had one spell level left.
You knew the following spells:

 Your Spells              Type           Power      Damage    Failure   Level
a - Confusing Touch       Hex            53%        N/A       2%          3
b - Passage of Golubria   Tloc           47%        N/A       16%         4
c - Teleport Other        Tloc           47%        N/A       4%          3
d - Gell's Gravitas       Tloc           47%        N/A       4%          3
e - Summon Mana Viper     Hex/Summ       53%        N/A       26%         5
f - Necromutation         Tmut/Necr      37%        N/A       97%         8
g - Shatter               Erth           4%         3d8*      100%        9
h - Apportation           Tloc           94%        N/A       1%          1
i - Blink                 Tloc           94%        N/A       2%          2
j - Wereblood             Tmut           74%        N/A       1%          2

Your spell library contained the following spells:

 Spells                   Type           Power      Damage    Failure   Level
 Animate Skeleton         Necr           100%       N/A       1%          1
 Slow                     Hex            100%       N/A       1%          1
 Summon Small Mammal      Summ           100%       N/A       1%          1
 Magic Dart               Conj           36%        1d4       36%         1
 Sandblast                Erth           18%        2d7       36%         1
 Shock                    Conj/Air       36%        1d5       36%         1
 Passwall                 Tmut/Erth      40%        N/A       1%          2
 Vampiric Draining        Necr           74%        2d11      1%          3
 Animate Dead             Necr           37%        N/A       1%          4
 Blade Hands              Tmut           37%        N/A       1%          5
 Call Canine Familiar     Summ           53%        N/A       2%          3
 Summon Guardian Golem    Hex/Summ       53%        N/A       2%          3
 Tukima's Dance           Hex            53%        N/A       2%          3
 Anguish                  Hex/Necr       32%        N/A       2%          4
 Portal Projectile        Hex/Tloc       100%       N/A       3%          3
 Spider Form              Tmut/Pois      49%        N/A       4%          3
 Yara's Violent Unravell  Hex/Tmut       32%        3d13      6%          5
 Death Channel            Necr           37%        N/A       8%          6
 Ensorcelled Hibernation  Hex/Ice        62%        N/A       9%          2
 Ignite Poison            Fire/Tmut/Pois 36%        N/A       12%         3
 Ice Form                 Ice/Tmut       49%        N/A       14%         4
 Petrify                  Tmut/Erth      49%        N/A       14%         4
 Dazzling Flash           Conj/Hex       62%        N/A       19%         3
 Summon Forest            Summ/Tloc      25%        N/A       32%         5
 Alistair's Intoxication  Tmut/Pois      32%        N/A       36%         5
 Borgnjor's Vile Clutch   Necr/Erth      24%        N/A       36%         5
 Irradiate                Conj/Tmut      24%        3d21      36%         5
 Dragon Form              Tmut           37%        N/A       38%         7
 Manifold Assault         Tloc           47%        N/A       41%         5
 Searing Ray              Conj           18%        2d5       50%         2
 Static Discharge         Conj/Air       9%         N/A       50%         2
 Animate Armour           Summ/Erth      64%        N/A       50%         4
 Summon Ice Beast         Ice/Summ       32%        N/A       50%         4
 Fulminant Prism          Conj/Hex       15%        3d11      52%         4
 Leda's Liquefaction      Hex/Erth       15%        N/A       52%         4
 Iskenderun's Mystic Bla  Conj/Tloc      28%        2d7       61%         4
 Conjure Flame            Conj/Fire      9%         6-21      75%         3
 Frozen Ramparts          Ice            18%        1d3       75%         3
 Mephitic Cloud           Conj/Pois/Air  9%         N/A       75%         3
 Stone Arrow              Conj/Erth      18%        3d8       75%         3
 Swiftness                Air            9%         N/A       75%         3
 Summon Cactus Giant      Summ           26%        N/A       78%         6
 Metabolic Englaciation   Hex/Ice        15%        N/A       86%         5
 Eringya's Noxious Bog    Tmut/Pois      24%        N/A       91%         6
 Simulacrum               Ice/Necr       24%        N/A       91%         6
 Borgnjor's Revivificati  Necr           37%        N/A       97%         8
 Airstrike                Air            4%         N/A       98%         4
 Hailstorm                Conj/Ice       9%         3d4       98%         4
 Olgreb's Toxic Radiance  Pois           9%         N/A       98%         4
 Fireball                 Conj/Fire      4%         3d4       100%        5
 Freezing Cloud           Conj/Ice/Air   4%         6-21      100%        5
 Iskenderun's Battlesphe  Conj           9%         2d6       100%        5
 Lee's Rapid Deconstruct  Erth           4%         3d6*      100%        5
 Lightning Bolt           Conj/Air       4%         1d16      100%        5
 Conjure Ball Lightning   Conj/Air       4%         3x3d6     100%        6
 Iron Shot                Conj/Erth      4%         9d2       100%        6
 Starburst                Conj/Fire      4%         6d4       100%        6
 Enfeeble                 Hex            26%        N/A       100%        7
 Malign Gateway           Summ/Tloc      25%        N/A       100%        7
 Monstrous Menagerie      Summ           26%        N/A       100%        7
 Orb of Destruction       Conj           4%         9d5       100%        7
 Ozocubu's Refrigeration  Ice            4%         4d5       100%        7
 Spellforged Servitor     Conj/Summ      16%        N/A       100%        7
 Storm Form               Tmut/Air       24%        N/A       100%        7
 Summon Hydra             Summ           26%        N/A       100%        7
 Discord                  Hex            26%        N/A       100%        8
 Disjunction              Tloc           23%        N/A       100%        8
 Ignition                 Fire           4%         3d4       100%        8
 Lehudib's Crystal Spear  Conj/Erth      4%         10d3      100%        8
 Summon Horrible Things   Summ           26%        N/A       100%        8
 Chain Lightning          Conj/Air       4%         3d6       100%        9
 Death's Door             Necr           37%        N/A       100%        9
 Fire Storm               Conj/Fire      4%         8d1       100%        9
 Polar Vortex             Ice            4%         N/A       100%        9
 Statue Form              Tmut/Erth      Unusable   N/A       N/A         6

Dungeon Overview and Level Annotations

Branches:
Dungeon (15/15)            Temple (1/1) D:4            Lair (6/6) D:8
  Swamp (4/4) Lair:4        Snake (4/4) Lair:3        Slime (5/5) Lair:6
    Orc (2/2) D:10            Elf (3/3) Orc:2        Vaults (5/5) D:13
  Crypt (3/3) Vaults:2       Tomb (0/3) Crypt:3      Depths (4/4) D:15
   Hell (visited)             Dis (5/7) Hell            Zot (5/5) Depths:4
  IceCv (visited)         Volcano (visited)         Desolation (visited)
    Geh: Hell:1         Coc: Hell:1         Tar: Hell:1

Altars:
Ashenzari
Cheibriados
Dithmenos
Elyvilon
Gozag
Hepliaklqana
Kikubaaqudgha
Makhleb
Nemelex Xobeh
Okawaru
Qazlal
Ru
Trog
Wu Jian
Xom
Yredelemnul
Zin
The Shining One
Beogh
Jiyva

Shops:
D:6 *   D:10 *   D:11 *   D:13 (   D:14 [   Orc:1 !   Orc:2 *:*   Elf:1 :
Elf:2 ?   Snake:4 *[   Vaults:2 (   Depths:4 [(

Portals:
Hell: Depths:1 Depths:2 Depths:3 Depths:4
Abyss: Depths:3 Depths:4
Pandemonium: Orc:2 Depths:2
Ziggurat: Depths:3

Annotations:
D:7 1 runed translucent door, Crazy Yiuf
D:9 exclusion: downstairs
Lair:5 exclusion: downstairs
Swamp:3 exclusion: downstairs
Zot:5 36 runed doors, 1 exclusion


Innate Abilities, Weirdness & Mutations

You are immune to sickness and miasma.
Your stone body is resilient. (AC +20)
You are immune to poison.
Your large and strong wings let you fly.
You resist negative energy. (rN+)
You are resistant to electric shocks. (rElec)
You are resistant to unholy torment.
You are immune to petrification.
You are clumsy. (Dex -2)
Armour fits poorly on your strangely shaped body.
Your body sometimes deteriorates upon taking damage.
You occasionally shout uncontrollably at your foes.
You are occasionally teleported next to monsters.
[You are weak. (Str -2)]


Message History

The caustic shrike claws you! The acid corrodes you!
You are splashed with acid!
The caustic shrike claws you but does no damage. x2
The caustic shrike misses you.
Unknown command.
Unknown command.
Unknown command.
You closely miss the caustic shrike.
The caustic shrike claws you but does no damage. x3
The caustic shrike completely misses you.
The caustic shrike claws you but does no damage.
The caustic shrike completely misses you.
The caustic shrike claws you.
You are splashed with acid!
Unknown command.
Unknown command.
You sock the caustic shrike!
The caustic shrike is lightly wounded.
The caustic shrike misses you. The caustic shrike closely misses you.
The caustic shrike claws you! The acid corrodes you!
You are splashed with acid.
The caustic shrike claws you.
You are splashed with acid.
The caustic shrike claws you.
You are splashed with acid!
Unknown command.
Activating: Slouch (0% risk of failure)
Press: ? - help, Dir - look around, f - activate You can feel time thicken for a moment.
You can no longer inflict damage on those overly hasty.
Cheibriados lowers the support of your attributes as your movement quickens.
The caustic shrike claws you!
You are splashed with acid.
* * * LOW HITPOINT WARNING * * *
The caustic shrike claws you.
* * * LOW HITPOINT WARNING * * *
You are splashed with acid!
* * * LOW HITPOINT WARNING * * *
The caustic shrike claws you!
* * * LOW HITPOINT WARNING * * *
You are splashed with acid!
* * * LOW HITPOINT WARNING * * *
The caustic shrike claws you!!
You die...

####+#######
#.....^....#
+...........
#...........
#...........
#..b.b......
#..b@b.....#
############


You could see 4 caustic shrikes.

Vanquished Creatures
  Cerebov (Pan)
  the Royal Jelly (Slime:5)
  Dissolution (Slime:1)
  Gloorx Vloq (Pan)
  Lom Lobon (Pan)
  Mnoleg (Pan)
  5 dread liches
  The ghost of Heisao the Wrestler, a legendary TrBe of Trog (Zot:2)
  An ancient lich (Abyss:3)
  An orb of fire (Zot:3)
  Mara (Snake:3)
  Mennas (Vaults:4)
  Sojobo (Vaults:5)
  The ghost of SlowGraham the Acrobat, a legendary KoMo of Trog (Vaults:2)
  Bai Suzhen (Swamp:3)
  Margery (Vaults:5)
  10 caustic shrikes
  the Lernaean hydra (Swamp:4)
  Saint Roka (Depths:4)
  7 pandemonium lords (Pan)
  Geryon (Hell)
  Nikola (Depths:2)
  8 golden dragons
  Jory (Vaults:2)
  A bone dragon (Abyss:2)
  the Enchantress (Depths:4)
  An iron giant (Dis:2)
  6 Brimstone Fiends (Pan)
  A Tzitzimitl (Pan)
  5 electric golems
  15 tentacled monstrosities
  3 Ice Fiends
  2 liches
  3 titans
  5 Hell Sentinels
  5 quicksilver dragons
  4 deep elf blademasters
  32 Executioners (Pan)
  14 death cobs
  15 acid blobs
  6 sphinxes
  2 thorn hunters
  9 tengu reavers
  The ghost of freelancePsychic the Warrior, an adept DDWn of Makhleb (Elf:1)
  9 tentacled starspawn
  Agnes (Snake:4)
  11 shadow dragons
  16 ancient champions
  19 storm dragons
  Donald (Vaults:2)
  5 draconian knights
  5 draconian monks
  3 daevas (Depths:1)
  10 fire giants
  5 rockslimes
  7 azure jellies
  7 nagarajas
  A fenstrider witch (Swamp:3)
  A fire giant (shapeshifter) (Vaults:5)
  A revenant (Hell)
  7 demonspawn warmongers (Pan)
  2 quicksilver elementals (Dis:4)
  13 frost giants
  Aizul (Snake:4)
  2 orc warlords
  10 deep elf sorcerers
  28 vault wardens
  2 iron dragons
  3 imperial myrmidons (Desolation)
  Louise (Snake:3)
  4 ghost moths
  7 ghouls
  3 draconian scorchers (Zot:1)
  7 deep elf elementalists
  33 balrugs
  4 draconian shifters
  4 caustic shrike zombies
  4 angels (Depths:1)
  2 juggernaut zombies (Crypt:3)
  3 spriggan defenders (Depths:4)
  7 curse skulls
  A draconian stormcaller (Zot:1)
  A quicksilver ooze (Slime:5)
  22 reapers
  6 draconian annihilators
  12 cacodemons
  2 demonspawn blood saints (Pan)
  25 ironbound preservers
  6 caustic shrike skeletons
  7 demonspawn corrupters (Pan)
  16 stone giants
  8 ironbound thunderhulks
  An ophan (Abyss:3)
  5 eleionomae
  3 juggernaut skeletons
  12 war gargoyles
  37 very ugly things
  9 green draconians
  5 vampire knights
  7 deep elf annihilators
  11 black draconians
  6 bunyips
  A halazid warlock (Desolation)
  4 demonspawn black suns (Pan)
  7 yellow draconians
  3 spark wasps (Swamp:3)
  5 deep elf demonologists
  7 lorocyprocas
  A minotaur (Vaults:2)
  4 dire elephants (Vaults:2)
  9 purple draconians
  11 red draconians
  6 white draconians
  A spark wasp (shapeshifter) (Vaults:5)
  4 entropy weavers
  5 ettins
  10 iron golems
  20 blizzard demons
  Snorg (D:10)
  11 deep elf death magi
  13 eidola
  6 jiangshi
  4 crystal guardians
  9 green deaths
  11 fire dragons
  2 ragged hierophants (Desolation)
  2 merfolk impalers
  6 deep elf high priests
  A mummy priest (Crypt:3)
  9 servants of whispers (Desolation)
  20 yaktaur captains
  36 vault guards
  6 spriggan zombies
  12 great orbs of eyes
  5 salamander tyrants
  7 naga warriors
  2 quicksilver dragon skeletons
  A fenstrider witch zombie (Crypt:3)
  28 hydras
  3 demonspawn (Orc:2)
  5 peacekeepers (Desolation)
  3 caustic shrike simulacra
  4 rakshasas
  Harold (D:7)
  15 ice dragons
  5 hell beasts
  2 juggernaut simulacra (Pan)
  2 spriggan air magi (Depths:4)
  4 death knights
  3 ogre magi
  4 merfolk avatars (Swamp:4)
  9 spriggan skeletons
  8 boulder beetles
  10 ironbound frosthearts
  5 anacondas
  A ghost crab (Lair:4)
  7 centaur warriors
  6 death yaks
  31 dancing weapons
  4 tengu warriors
  15 deep troll shamans
  11 alligators
  10 two-headed ogres
  13 spriggan berserkers
  4 vampire magi
  2 hell hogs
  10 shock serpents
  4 thrashing horrors (Abyss:3)
  8 deep troll earth magi
  2 titan zombies
  9 orc high priests
  18 naga sharpshooters
  55 soul eaters
  13 sixfirhies (Pan)
  87 sun demons
  An emperor scorpion zombie (Hell)
  7 iron trolls
  18 deep elf knights
  7 crystal echidnas
  6 goliath frogs
  11 shadow wraiths
  5 wretched stars
  A goliath frog (shapeshifter) (Vaults:5)
  17 hell knights
  A bunyip zombie (Crypt:3)
  3 salamander mystics
  A storm dragon skeleton (Pan)
  94 deep trolls
  A death drake (shapeshifter) (Depths:4)
  13 skeletal warriors (Crypt:1)
  3 spriggan druids
  6 shadow demons
  7 cherubim
  2 naga ritualists
  A death drake (Abyss:3)
  2 golden dragon zombies (Depths:1)
  A golden dragon skeleton (Abyss:3)
  An orb spider (shapeshifter) (D:13)
  23 deep elf archers
  A glowing orange brain (shapeshifter) (D:15)
  15 wizards
  7 glowing orange brains
  7 lindwurms
  A tengu zombie (Hell)
  10 swamp dragons
  2 spriggan simulacra (Depths:3)
  48 deep elf pyromancers
  37 necromancers
  25 ironbound convokers
  A fenstrider witch simulacrum (Hell)
  16 bog bodies
  3 iron dragon zombies
  An iron giant skeleton (Pan)
  19 phantasmal warriors
  4 orange crystal statues
  37 deep elf zephyrmancers
  6 mana vipers
  9 harpies
  9 orc knights
  4 wolf spiders
  68 large abominations
  A shining eye (Abyss:3)
  A stone giant zombie (Crypt:1)
  2 iron dragon skeletons (Crypt:1)
  A will-o-the-wisp (Swamp:3)
  A manticore (shapeshifter) (Abyss:3)
  A jorogumo skeleton (Crypt:2)
  A moth of wrath (shapeshifter) (Elf:3)
  3 shadow dragon skeletons
  17 salamanders
  A cyclops (shapeshifter) (Vaults:2)
  9 orc sorcerers
  A wolf spider (shapeshifter) (Depths:2)
  An eleionoma zombie (Crypt:1)
  2 cyclopes
  A manticore (D:13)
  24 elephants
  5 ice statues (Pan)
  55 ugly things
  A dire elephant zombie (Crypt:3)
  7 guardian serpents
  2 sphinx skeletons (Depths:1)
  12 naga magi
  4 titan simulacra
  4 stone giant skeletons
  35 moths of wrath
  37 black mambas
  A torpor snail (shapeshifter) (Vaults:5)
  An elf zombie (Vaults:2)
  20 vault sentinels
  A naga zombie (Crypt:3)
  5 eyes of devastation
  2 rust devils (Pan)
  11 cane toads
  46 smoke demons
  22 orange demons
  An alligator snapping turtle skeleton (Crypt:1)
  A fire giant skeleton (Crypt:1)
  10 efreet
  A gargoyle (D:11)
  12 demonic crawlers
  3 naga skeletons
  12 komodo dragons
  5 storm dragon simulacra (IceCv)
  An alligator snapping turtle zombie (Crypt:3)
  8 ice devils
  11 hellions
  12 freezing wraiths
  8 golden dragon simulacra
  6 tormentors
  69 yaktaurs
  A dire elephant skeleton (Pan)
  6 rime drakes (Lair:6)
  3 tengu conjurers
  55 hellwings
  An anaconda simulacrum (Crypt:1)
  2 ancient zymes
  A bunyip simulacrum (Crypt:2)
  A spark wasp simulacrum (Depths:3)
  12 red devils
  3 guardian mummies
  An iron troll skeleton (Crypt:1)
  2 harpy zombies (Crypt:3)
  5 polar bears
  12 meliai
  7 trolls
  51 saltlings (Desolation)
  A tarantella (Vaults:4)
  4 tyrant leeches
  A slime creature (shapeshifter) (Vaults:5)
  101 slime creatures
  2 harpy skeletons
  15 hornets
  A raiju (Abyss:3)
  A dream sheep (shapeshifter) (Elf:2)
  A fire giant simulacrum (Depths:1)
  2 hydra skeletons
  Sigmund (D:5)
  An ettin zombie (Crypt:1)
  17 blink frogs
  A frost giant simulacrum (Depths:3)
  An ice dragon skeleton (Pan)
  2 centaur simulacra
  An alligator skeleton (Crypt:2)
  A black mamba zombie (Hell)
  A culicivora (shapeshifter) (Vaults:5)
  3 jumping spiders (Crypt:3)
  A naga simulacrum (Crypt:1)
  3 shadows
  A culicivora (Vaults:5)
  28 starcursed masses
  4 vampires
  29 yaks
  9 water elementals
  3 air elementals
  34 ynoxinuls
  14 wyverns
  2 ushabtiu (Crypt:3)
  7 fire bats (Volcano)
  10 wraiths
  13 basilisks
  17 spriggans
  An elf skeleton (Vaults:2)
  9 golden eyes
  21 chaos spawn
  12 redbacks
  A fire elemental (Elf:3)
  29 vampire mosquitoes
  33 neqoxecs
  2 steam dragons (Lair:6)
  A harpy simulacrum (Hell)
  12 small abominations
  6 wargs
  9 swamp worms
  A deep troll zombie (Crypt:1)
  2 acid dragons
  2 spatial vortices (Abyss:3)
  29 water moccasins
  32 nagas
  A floating eye (Slime:5)
  A floating eye (shapeshifter) (Vaults:5)
  12 hell hounds (Hell)
  10 swamp drakes
  An ice beast (Orc:2)
  A water nymph skeleton (Crypt:2)
  A sky beast (D:6)
  A hornet zombie (D:8)
  2 black bears (D:8)
  6 necrophages
  37 orc warriors
  6 ice dragon simulacra (IceCv)
  A black mamba simulacrum (Crypt:1)
  3 swamp dragon zombies
  6 ogres
  6 wolves
  6 centaurs
  4 phantoms
  2 swamp dragon skeletons
  3 kobold brigands
  15 bullfrogs
  A rime drake skeleton (Crypt:1)
  7 earth elementals
  A gnoll sergeant (D:6)
  A wyvern zombie (D:6)
  A scorpion (D:8)
  2 glowing shapeshifter simulacra (Depths:3)
  13 wyvern skeletons (Crypt:3)
  A cyclops skeleton (Crypt:1)
  3 water moccasin skeletons
  4 killer bees (D:6)
  4 lindwurm simulacra (IceCv)
  18 wights
  A howler monkey (D:4)
  4 electric eels
  8 lava snakes (Volcano)
  2 crimson imps (Pan)
  2 quasits (Abyss:2)
  12 centaur zombies
  6 centaur skeletons
  2 hounds
  27 orc priests
  2 gnoll shamans
  11 jellies
  4 human zombies
  2 bullfrog skeletons (D:6)
  6 iguanas
  A black bear skeleton (Crypt:1)
  A human skeleton (Crypt:1)
  16 orc wizards
  5 mummies (Crypt:1)
  A howler monkey zombie (D:8)
  14 gnolls
  A howler monkey skeleton (D:6)
  5 adders
  A shadow imp (D:6)
  A swamp drake skeleton (Crypt:2)
  2 white imps
  A halfling zombie (Crypt:1)
  2 worms (D:2)
  3 dart slugs
  91 orcs
  4 bats
  5 endoplasms
  5 giant cockroaches
  9 goblins
  8 hobgoblins
  A hobgoblin (shapeshifter) (Vaults:4)
  4 jackals (D:1)
  20 kobolds
  A quokka (D:3)
  6 ball pythons
  A ball python skeleton (Crypt:2)
  A ball python zombie (Crypt:2)
  5 frilled lizards
  A quokka skeleton (Crypt:2)
  4 rats
  A rat zombie (Crypt:2)
  A fire vortex (Pan)
  7 starspawn tentacles
3572 creatures vanquished.

Vanquished Creatures (collateral kills)
  An acid blob (Slime:5)
  2 rockslimes (Slime:5)
  A quicksilver ooze (Slime:5)
  An iron golem (Dis:2)
  A hydra (Lair:1)
  A spriggan air mage (Swamp:4)
  A swamp dragon (Swamp:4)
  A fire vortex (Pan)
9 creatures vanquished.

Vanquished Creatures (others)
  Vashnia (Snake:3)
  An eldritch tentacle (Pan)
  A draconian knight (Zot:5)
  2 two-headed ogres (D:13)
  2 deep elf knights
  A wizard (Pan)
  A goliath frog (Swamp:1)
  2 deep elf zephyrmancers
  2 deep elf pyromancers
  A guardian serpent (Snake:4)
  2 smoke demons (Pan)
  A yaktaur (D:13)
  2 bloated husks
  A yak (Lair:1)
  A water elemental (Elf:3)
  A neqoxec (Pan)
  A swamp worm (Swamp:1)
  A centaur (Volcano)
  2 orcs
  13 ball lightnings (Pan)
  4 fire vortices (Pan)
  6 foxfires (Swamp:3)
  45 fungi
  2 lurking horrors
  111 plants
  18 starspawn tentacles
  20 withered plants (Crypt:3)
245 creatures vanquished.

Grand Total: 3826 creatures vanquished

Notes
Turn   | Place    | Note
-------+----------+-------------------------------------------
     0 | D:1      | TittyCrusher the Gargoyle Monk began the quest for the Orb.
     0 | D:1      | Reached XP level 1. HP: 14/14 MP: 1/1
   239 | D:1      | Reached XP level 2. HP: 15/20 MP: 2/2
   731 | D:1      | Found a faded altar of an unknown god.
   876 | D:2      | Reached XP level 3. HP: 24/24 MP: 3/3
  1194 | D:2      | Gained mutation: You have sharp toenails. [potion of
                  | mutation]
  1194 | D:2      | Lost mutation: You have sharp toenails. [potion of
                  | mutation]
  1194 | D:2      | Gained mutation: Your flesh is heat resistant. (rF+)
                  | [potion of mutation]
  1628 | D:3      | Reached XP level 4. HP: 30/30 MP: 4/4
  1892 | D:3      | Reached skill level 4 in Maces & Flails
  2787 | D:3      | Reached XP level 5. HP: 34/34 MP: 5/5
  2798 | D:3      | Reached skill level 5 in Maces & Flails
  3567 | D:4      | Reached XP level 6. HP: 34/39 MP: 6/6
  3646 | D:4      | Found a staircase to the Ecumenical Temple.
  3653 | Temple   | Entered the Ecumenical Temple
  3667 | Temple   | Became a worshipper of Cheibriados the Contemplative
  3667 | Temple   | Reached * piety under Cheibriados
  3667 | Temple   | Reached ** piety under Cheibriados
  3804 | D:4      | Reached skill level 6 in Maces & Flails
  4507 | D:5      | Entered Level 5 of the Dungeon
  4601 | D:4      | Reached skill level 7 in Maces & Flails
  4696 | D:5      | Reached XP level 7. HP: 44/44 MP: 7/7
  4912 | D:5      | Noticed a wraith
  4958 | D:5      | Noticed Sigmund
  5180 | D:6      | Identified a scroll of acquirement
  5180 | D:6      | Acquired the +8 great mace of the Hungering Goat {holy,
                  | rElec rF+ Will+ Dex-5}
  5228 | D:6      | Reached skill level 8 in Maces & Flails
  5324 | D:6      | Reached skill level 1 in Invocations
  5537 | D:6      | Reached XP level 8. HP: 40/48 MP: 8/10
  5669 | D:6      | Found Cenumyo's Assorted Antiques.
  5701 | D:6      | Bought a scroll of teleportation for 84 gold pieces
  5750 | D:6      | Reached skill level 9 in Maces & Flails
  6380 | D:5      | Killed Sigmund
  6381 | D:5      | Reached skill level 10 in Maces & Flails
  6631 | D:5      | Reached *** piety under Cheibriados
  6825 | D:5      | Found a stormy altar of Qazlal.
  7066 | D:6      | Reached XP level 9. HP: 47/52 MP: 11/11
  7160 | D:6      | Reached skill level 11 in Maces & Flails
  7944 | D:7      | Found an iron altar of Okawaru.
  7953 | D:7      | Reached **** piety under Cheibriados
  8120 | D:7      | Found a runed translucent door.
  8121 | D:7      | Noticed Crazy Yiuf
  8321 | D:7      | Noticed Harold
  8333 | D:7      | Killed Harold
  8334 | D:7      | Reached skill level 12 in Maces & Flails
  8334 | D:7      | Reached skill level 5 in Fighting
  8676 | D:7      | Found a sparkling altar of Nemelex Xobeh.
  9190 | D:8      | Reached skill level 5 in Invocations
  9204 | D:8      | Reached XP level 10. HP: 48/60 MP: 12/14
  9212 | D:8      | Reached skill level 1 in Armour
  9394 | D:8      | Found a staircase to the Lair.
  9419 | D:8      | Identified the +2 war axe of Padexusm {flame, rC+ MP+9}
  9594 | D:8      | Found a basalt altar of Yredelemnul.
  9608 | D:8      | Reached ***** piety under Cheibriados
 10744 | D:9      | Reached skill level 5 in Dodging
 11101 | D:9      | Reached XP level 11. HP: 64/64 MP: 15/15
 12022 | D:10     | Entered Level 10 of the Dungeon
 12022 | D:10     | Noticed a two-headed ogre
 12075 | D:10     | Killed a two-headed ogre
 12237 | D:10     | Found a white marble altar of Elyvilon.
 12240 | D:10     | Found an opulent altar of Gozag.
 12264 | D:10     | Found Qeecsuidgh's Demolitions Depot.
 12346 | D:10     | Found a burning altar of Makhleb.
 12430 | D:10     | Found a staircase to the Orcish Mines.
 12571 | D:10     | Noticed Snorg
 12581 | D:10     | Noticed a fire dragon
 12847 | D:10     | Killed a fire dragon
 13151 | Lair:1   | Entered Level 1 of the Lair of Beasts
 13164 | Lair:1   | Noticed an eight-headed hydra
 13172 | Lair:1   | Killed an eight-headed hydra
 13364 | Lair:1   | Noticed an eight-headed hydra
 13371 | Lair:1   | Killed an eight-headed hydra
 13372 | Lair:1   | Reached skill level 10 in Dodging
 13846 | Lair:1   | Noticed a six-headed hydra
 13851 | Lair:1   | Killed a six-headed hydra
 13852 | Lair:1   | Reached XP level 12. HP: 47/70 MP: 9/16
 13972 | Lair:1   | You fall into a shaft and drop 1 floor!
 14367 | Lair:2   | Reached skill level 13 in Maces & Flails
 14445 | Lair:2   | Noticed a boulder beetle
 15414 | Lair:3   | Found a dark tunnel.
 15422 | Volcano  | Entered a volcano
 15440 | Volcano  | Reached skill level 14 in Maces & Flails
 15593 | Volcano  | Noticed a hell knight
 15608 | Volcano  | Noticed a centaur warrior
 15614 | Volcano  | Killed a hell knight
 15615 | Volcano  | Found a radiant altar of Vehumet.
 15620 | Volcano  | Killed a centaur warrior
 15895 | Lair:3   | Found a staircase to the Snake Pit.
 16148 | Lair:3   | Reached XP level 13. HP: 55/74 MP: 19/19
 16617 | Lair:4   | Reached ****** piety under Cheibriados
 16730 | Lair:4   | Reached skill level 10 in Invocations
 16741 | Lair:4   | Noticed Nessos
 16744 | Lair:4   | Noticed Nessos
 16744 | Lair:4   | Nessos changed into Nessos the polar bear
 16759 | Lair:4   | Killed Nessos the polar bear
 17168 | Lair:4   | Found a staircase to the Swamp.
 18442 | Lair:6   | Entered Level 6 of the Lair of Beasts
 18471 | Lair:5   | Reached skill level 5 in Armour
 18603 | Lair:6   | Found a staircase to the Slime Pits.
 18604 | Lair:6   | Found a viscous altar of Jiyva.
 18667 | Lair:6   | Gained mutation: Your large and strong wings let you fly.
                  | [Gargoyle growth]
 18667 | Lair:6   | Reached XP level 14. HP: 80/80 MP: 24/24
 18770 | Lair:6   | Reached skill level 10 in Armour
 19113 | Lair:6   | Reached skill level 15 in Maces & Flails
 19769 | Lair:6   | Reached skill level 16 in Maces & Flails
 20189 | D:10     | Killed Snorg
 20509 | Orc:1    | Entered Level 1 of the Orcish Mines
 20557 | Orc:1    | Noticed an orc warlord
 20628 | D:10     | Killed an orc warlord
 20676 | D:10     | Reached XP level 15. HP: 83/84 MP: 25/25
 20990 | Orc:1    | Found Qeosmai's Distillery.
 21259 | Orc:2    | Entered Level 2 of the Orcish Mines
 21300 | Orc:2    | Noticed Sonja
 21304 | Orc:2    | Noticed Sonja
 21304 | Orc:2    | Sonja changed into Sonja the ice beast
 21308 | Orc:2    | Killed Sonja the ice beast
 21612 | Orc:2    | Reached skill level 17 in Maces & Flails
 21625 | Orc:2    | Found a staircase to the Elven Halls.
 21737 | Orc:2    | Found Hecli's General Store.
 21767 | Orc:2    | Found Ymejoy's General Store.
 21815 | Orc:2    | Bought a scroll of blinking for 120 gold pieces
 22473 | Orc:2    | Reached skill level 18 in Maces & Flails
 22571 | Orc:2    | Found Fodd's Antique Weapon Shoppe.
 22571 | Orc:2    | Found Utof's Book Emporium.
 22571 | Orc:2    | Found a one-way gate leading to the halls of Pandemonium.
 22893 | Orc:1    | Bought a potion of cancellation for 96 gold pieces
 22893 | Orc:1    | Bought a potion of curing for 36 gold pieces
 22893 | Orc:1    | Bought a potion of curing for 36 gold pieces
 22893 | Orc:1    | Bought a potion of might for 48 gold pieces
 22940 | Orc:2    | Bought a scroll of teleportation for 48 gold pieces
 22942 | Orc:2    | Bought a potion of curing for 51 gold pieces
 23083 | D:6      | Bought a shimmering morningstar for 252 gold pieces
 23083 | D:6      | Identified the +0 morningstar of the Pure Dreams {holy,
                  | *Noise +Blink Dex+8} (You bought it in a shop on level 6 of
                  | the Dungeon)
 23448 | D:11     | Found Guastymi's Assorted Antiques.
 24028 | D:11     | Bought a potion of mutation for 184 gold pieces
 24028 | D:11     | Bought a potion of curing for 69 gold pieces
 24218 | D:12     | Found a sacrificial altar of Ru.
 25802 | D:13     | You are sucked into a shaft and drop 1 floor!
 25863 | D:14     | Reached skill level 10 in Fighting
 26154 | D:13     | Reached XP level 16. HP: 88/99 MP: 23/26
 26306 | D:13     | Found a gate to the Vaults.
 26335 | D:13     | Found Cevaz's Weapon Shoppe.
 26853 | D:14     | Found Riusuvuu's Armour Shoppe.
 26865 | D:14     | Bought a +1 pair of gloves for 172 gold pieces
 27549 | D:15     | Entered Level 15 of the Dungeon
 27620 | D:15     | Reached skill level 19 in Maces & Flails
 27714 | D:15     | Found a hazy altar of Hepliaklqana.
 28066 | D:15     | Found a staircase to the Depths.
 28994 | Swamp:1  | Entered Level 1 of the Swamp
 29271 | Swamp:1  | Reached skill level 20 in Maces & Flails
 29703 | Swamp:1  | Reached XP level 17. HP: 106/106 MP: 27/27
 30016 | Swamp:2  | Identified the +1 leather armour "Opnat" {SInv}
 31012 | Swamp:3  | Noticed Bai Suzhen
 31038 | Swamp:3  | Killed Bai Suzhen
 31441 | Swamp:4  | Entered Level 4 of the Swamp
 31560 | Swamp:3  | Reached skill level 15 in Armour
 31784 | Swamp:4  | Noticed a tentacled monstrosity
 31795 | Swamp:4  | Killed a tentacled monstrosity
 31935 | Swamp:4  | Reached XP level 18. HP: 112/112 MP: 28/28
 31935 | Swamp:4  | Noticed the 27-headed Lernaean hydra
 32124 | Swamp:4  | Killed the 27-headed Lernaean hydra
 32283 | Swamp:4  | Got a decaying rune of Zot
 32769 | D:6      | Bought a +4 ring of evasion for 1008 gold pieces
 32879 | Snake:1  | Entered Level 1 of the Snake Pit
 33004 | Snake:1  | Found a frozen archway.
 33015 | Snake:1  | Identified the +11 trident of the Old World {venom, rElec
                  | Int+4 Dex-5}
 33053 | IceCv    | Entered an ice cave
 33385 | IceCv    | Noticed a golden dragon
 33393 | IceCv    | Killed a golden dragon
 33461 | IceCv    | Identified the ring of Vewidil {rPois MP+9 Int+6 Dex-5}
 34321 | Snake:1  | Identified the +8 chain mail of the Cuttlefish {+Blink
                  | Str+8 Dex-3}
 34527 | Snake:1  | Found a glowing silver altar of Zin.
 34895 | Snake:2  | Found an opulent altar of Gozag.
 35378 | Snake:3  | Noticed Mara
 35426 | Snake:3  | Reached skill level 21 in Maces & Flails
 35776 | Snake:3  | Noticed Vashnia
 35881 | Snake:3  | Noticed TittyCrusher's illusion
 35891 | Snake:3  | Killed Mara
 35892 | Snake:3  | Reached XP level 19. HP: 78/116 MP: 26/29
 36016 | Snake:3  | Noticed Louise
 36038 | Snake:3  | Killed Louise
 36100 | Snake:3  | Learned a level 3 spell: Confusing Touch
 36129 | Snake:3  | Killed Vashnia
 36860 | Snake:4  | Entered Level 4 of the Snake Pit
 36860 | Snake:4  | Noticed Agnes
 36867 | Snake:4  | Killed Agnes
 36905 | Snake:4  | Found Wanliamp's Armour Emporium.
 37117 | Snake:4  | Reached skill level 5 in Hexes
 37437 | Snake:4  | Found Giopp's General Store.
 37441 | Snake:4  | Bought a scroll of fear for 56 gold pieces
 37516 | Snake:4  | Noticed Aizul
 37525 | Snake:4  | Killed Aizul
 37930 | Snake:4  | Reached skill level 1 in Spellcasting
 38225 | Snake:4  | Identified the +0 leather armour of Vewit {rElec rC+ Will-
                  | Dex+3}
 38232 | Snake:4  | Reached skill level 5 in Spellcasting
 38268 | Snake:4  | Got a serpentine rune of Zot
 38588 | D:14     | Bought a +2 helmet of intelligence for 322 gold pieces
 38753 | Elf:1    | Entered Level 1 of the Elven Halls
 38857 | Elf:1    | Found a runed translucent gate.
 38857 | Elf:1    | Found a runed translucent gate.
 38858 | Elf:1    | Found a runed translucent gate.
 38861 | Elf:1    | Noticed freelancePsychic's ghost (adept DDWn)
 38965 | Elf:1    | Reached skill level 22 in Maces & Flails
 38995 | Elf:1    | Found a crumbling gateway.
 39004 | Desolati | Entered the Desolation of Salt
 39101 | Desolati | Identified the ring "Umoitwil" {Fire Int+2}
 39108 | Desolati | Got the Incunabulum of Cloudy Clay
 39110 | Desolati | Identified the +4 short sword of the Common Good {drain,
                  | Fragile MP+9 Int+7}
 39195 | Desolati | Reached XP level 20. HP: 122/122 MP: 30/30
 39336 | Desolati | Identified the +1 flail "Iluwokor" {drain, Will+ Dex+7}
 39338 | Desolati | Got Juuvvod's Grimoire of Dislocation and Flight
 39361 | Desolati | Identified the +7 hand crossbow of Quick Death {elec, rPois
                  | rCorr Str-2 Stlth+}
 39364 | Desolati | Identified the ring "Vitze" {AC+4 Stlth+}
 39422 | Desolati | Identified the +6 falchion of Eternal Night {freeze, rPois
                  | Dex+5}
 39459 | Desolati | Reached skill level 23 in Maces & Flails
 39502 | Desolati | Identified the ring "Jazab" {Fire rPois Dex+2 Stlth+}
 39503 | Desolati | Identified the +8 hand axe of Ykawitt {drain, rF+ Dex+4}
 39843 | Elf:1    | Paralysed by an air elemental for 1 turns
 39993 | Elf:1    | Found Ciymefoa's Book Boutique.
 40792 | Elf:2    | Found a shimmering altar of Xom.
 40908 | Elf:2    | Found Munon's Magic Scroll Boutique.
 40930 | Elf:2    | Bought a scroll of teleportation for 54 gold pieces
 40930 | Elf:2    | Bought a scroll of summoning for 171 gold pieces
 40930 | Elf:2    | Bought a scroll of teleportation for 54 gold pieces
 40930 | Elf:2    | Bought a scroll of teleportation for 54 gold pieces
 40930 | Elf:2    | Bought a scroll of summoning for 171 gold pieces
 40930 | Elf:2    | Bought a scroll of fear for 63 gold pieces
 41042 | Elf:2    | Reached skill level 24 in Maces & Flails
 41282 | Elf:2    | Found a runed translucent gate.
 41282 | Elf:2    | Found a runed translucent gate.
 41288 | Elf:2    | Found a runed translucent gate.
 42101 | Elf:3    | Entered Level 3 of the Elven Halls
 42104 | Elf:3    | Identified the +4 chain mail "Irim Wao" {rElec Dex+4 SInv}
 42122 | Elf:3    | Reached XP level 21. HP: 98/127 MP: 31/31
 42222 | Elf:3    | Paralysed by an air elemental for 1 turns
 42414 | Elf:3    | Paralysed by a floating eye for 3 turns
 42488 | Elf:3    | Found a huge runed translucent gate.
 42488 | Elf:3    | Found a huge runed translucent gate.
 42488 | Elf:3    | Found a huge runed translucent gate.
 42488 | Elf:3    | Found a huge runed translucent gate.
 42488 | Elf:3    | Found a huge runed translucent gate.
 42488 | Elf:3    | Found a huge runed translucent gate.
 42488 | Elf:3    | Found a huge runed translucent gate.
 42489 | Elf:3    | Found a huge runed translucent gate.
 42499 | Elf:3    | Identified the +2 double sword "Nuloy" {freeze, *Noise
                  | Dex+6}
 42499 | Elf:3    | Identified the +8 double sword "Newtslayer" {vorpal, Str+4
                  | Int+4}
 42919 | Elf:3    | Identified the +4 halberd of Lophoguwn {spect, rElec Str-2
                  | Dex+10 SInv}
 42921 | Elf:3    | Identified the +10 morningstar "Ukits" {pain, rN++ rCorr
                  | Int+2 Dex-4}
 42923 | Elf:3    | Identified the +2 plate armour of the Spheres {rN++ Dex-4}
 42923 | Elf:3    | Identified the ring of the Ban {rPois rN+ Will+ Stlth-}
 43037 | Elf:3    | Reached skill level 1 in Evocations
 43138 | Elf:3    | Identified the +8 trident "Baocs" {freeze, rN+ Str+4 Int-3}
 43161 | Elf:3    | Reached skill level 5 in Evocations
 43309 | Elf:3    | Identified the +6 mace of Curouneu {chaos, rN++ Int+4 Dex-2
                  | Stlth+}
 43471 | Elf:3    | Found the +3 hat of Pondering {ponderous, Will+ MP+10
                  | Int+5}
 43498 | Elf:3    | Identified the +0 hand crossbow "Ophiu" {speed, rF+ rN+
                  | Will++ Stlth-}
 43616 | Elf:3    | Got the Grimoire of the Dusty Voyage
 43942 | Vaults:1 | Entered Level 1 of the Vaults
 44018 | Vaults:1 | Identified the +10 whip of Pride {vorpal, Dex+8}
 45369 | Vaults:1 | Reached skill level 15 in Fighting
 46146 | Vaults:2 | Noticed Donald
 46158 | Vaults:2 | Killed Donald
 46234 | Vaults:2 | Reached XP level 22. HP: 74/144 MP: 32/32
 46871 | Vaults:2 | Found Fulaty Qumai's Weapon Boutique.
 47135 | Vaults:2 | Noticed Jory
 47147 | Vaults:2 | Killed Jory
 47361 | Vaults:2 | Found a staircase to the Crypt.
 48842 | Vaults:2 | Found a runed translucent gate.
 48843 | Vaults:2 | Found a runed translucent gate.
 48843 | Vaults:2 | Noticed SlowGraham's ghost (legendary KoMo)
 48844 | Vaults:2 | Found a runed translucent gate.
 49326 | Vaults:2 | Identified the +0 scimitar "Fivvuali" {flame, *Rage rElec
                  | Str-5 Dex+8}
 49592 | Vaults:2 | Found an iron altar of Okawaru.
 49645 | Crypt:1  | Entered Level 1 of the Crypt
 50886 | Crypt:2  | Reached skill level 15 in Dodging
 50920 | Crypt:2  | Reached XP level 23. HP: 139/155 MP: 33/33
 51414 | Crypt:2  | Found a runed translucent door.
 51415 | Crypt:2  | Noticed a dread lich
 51722 | Crypt:2  | Killed a dread lich
 51749 | Crypt:3  | Entered Level 3 of the Crypt
 52096 | Crypt:3  | Reached skill level 25 in Maces & Flails
 52551 | Crypt:3  | Found a staircase to the Tomb.
 52720 | Crypt:3  | Found an ancient bone altar of Kikubaaqudgha.
 52865 | Crypt:3  | Noticed a dread lich
 52865 | Crypt:3  | Noticed a dread lich
 52878 | Crypt:3  | Killed a dread lich
 52883 | Crypt:3  | Killed a dread lich
 52895 | Crypt:3  | Identified the ring of Relativism {Contam rPois rF+ rC+
                  | Int+2}
 52896 | Crypt:3  | Identified the amulet "Laecatu" {Reflect Dex+2 SH+5}
 52899 | Crypt:3  | Got Zywet's Incunabulum of Dung
 52956 | Crypt:3  | Reached skill level 26 in Maces & Flails
 54106 | Vaults:3 | Reached XP level 24. HP: 160/160 MP: 33/33
 54531 | Vaults:3 | Reached skill level 27 in Maces & Flails
 55250 | Vaults:4 | Identified the +0 ring mail of the Echidna {Rampage rF+ rC+
                  | Dex+2}
 55349 | Vaults:4 | Identified the +0 tower shield of Love and Death {Rampage
                  | Int-4 Dex+6}
 55349 | Vaults:4 | Noticed Mennas
 55357 | Vaults:4 | Killed Mennas
 55718 | D:10     | Bought a manual of Evocations for 960 gold pieces
 55718 | D:10     | Bought 2 scrolls of immolation for 84 gold pieces
 56276 | Vaults:4 | Reached skill level 10 in Evocations
 56388 | Vaults:4 | Got Sif Muna's Almanac of Changing
 56395 | Vaults:4 | Acquired the ring "Ytoxouha" {Fly rN+ Str+4 Int+4}
 56741 | Depths:1 | Entered Level 1 of the Depths
 56980 | Depths:1 | Found a sparkling altar of Nemelex Xobeh.
 57164 | Depths:1 | Reached XP level 25. HP: 97/171 MP: 33/33
 57567 | Depths:1 | Identified the +0 pair of gloves of Ceolen {Harm rC+}
 57587 | Depths:1 | Found a glowing silver altar of Zin.
 57647 | Depths:1 | Identified the +1 plate armour "Lyheir" {rPois Str+5 Dex-3}
 57648 | Depths:1 | Identified the +7 mace of Deaxepy {antimagic, Int+3 Stlth+}
 58365 | Depths:1 | Found a gateway to Hell.
 59013 | Depths:2 | Noticed Nikola
 59022 | Depths:2 | Killed Nikola
 59401 | Depths:3 | Found a one-way gateway to a ziggurat.
 59839 | Depths:3 | Found a one-way gate to the infinite horrors of the Abyss.
 61076 | Elf:1    | Bought Great Wizards, Vol. VII for 450 gold pieces
 61082 | Elf:1    | Learned a level 4 spell: Passage of Golubria
 61454 | Depths:4 | Entered Level 4 of the Depths
 61496 | Depths:4 | Found Ymiaje's Weapon Shop.
 61506 | Depths:4 | Noticed Saint Roka
 61509 | Depths:4 | Reached skill level 1 in Translocations
 61514 | Depths:4 | Found Faet's Armour Boutique.
 61521 | Depths:4 | Killed Saint Roka
 61584 | Depths:4 | Reached XP level 26. HP: 157/180 MP: 33/33
 61936 | Depths:4 | Reached skill level 5 in Translocations
 61936 | Depths:4 | Gained mutation: Your body sometimes deteriorates upon
                  | taking damage. [a shining eye]
 62199 | Depths:4 | Found a gate to the Realm of Zot.
 62582 | Depths:4 | Noticed the Enchantress
 62587 | Depths:4 | Killed the Enchantress
 63107 | Vaults:4 | Learned a level 3 spell: Teleport Other
 63111 | Vaults:4 | Learned a level 3 spell: Gell's Gravitas
 63117 | Vaults:4 | Learned a level 5 spell: Summon Mana Viper
 63121 | Vaults:5 | Entered Level 5 of the Vaults
 63150 | Vaults:5 | Reached skill level 5 in Summonings
 63488 | Vaults:5 | Identified the ring "Oredu" {rN++ Dex-3 Slay+3 SInv}
 63563 | Vaults:5 | Noticed Margery
 63564 | Vaults:5 | Noticed Sojobo
 63578 | Vaults:5 | Killed Sojobo
 63911 | Vaults:5 | Identified the +8 shortbow "Tacwoc" {vorpal, rN++ Will-
                  | rCorr Dex+5}
 63955 | Vaults:5 | Reached skill level 15 in Invocations
 63962 | Vaults:5 | Reached XP level 27. HP: 184/184 MP: 34/34
 64070 | Vaults:5 | Identified the +2 scale mail "Serytz" {rElec rF+ Slay+3
                  | Stlth+}
 64206 | Vaults:5 | Killed Margery
 64285 | Vaults:5 | Noticed a dread lich
 64291 | Vaults:5 | Killed a dread lich
 64368 | Vaults:5 | Got the Reference Book on Glacial Summoning
 64774 | Vaults:5 | Identified the +4 mace of Eqyrerih {vorpal, rPois}
 64838 | Vaults:5 | Got a silver rune of Zot
 65382 | Zot:1    | Entered Level 1 of the Realm of Zot
 66618 | Zot:2    | Found a runed translucent door.
 66636 | Zot:2    | Noticed Heisao's ghost (legendary TrBe)
 66876 | Zot:2    | Killed Heisao's ghost
 66900 | Zot:2    | Got the Almanac of Stones
 66901 | Zot:2    | Identified the +1 pair of boots of Generosity {rF+ Str+4}
 68123 | Zot:3    | Noticed an orb of fire
 68128 | Zot:3    | Gained mutation: Your spells are a little easier to cast,
                  | but a little less powerful. [an orb of fire]
 68131 | Zot:3    | Killed an orb of fire
 69466 | Zot:4    | Identified the +7 great sword "Gisuekur" {vorpal, Fly rN+}
 69552 | Zot:5    | Entered Level 5 of the Realm of Zot
 69638 | Zot:5    | Found a huge runed gate.
 69638 | Zot:5    | Found a huge runed gate.
 69639 | Zot:5    | Found a huge runed gate.
 69639 | Zot:5    | Found a huge runed gate.
 69640 | Zot:5    | Found a huge runed gate.
 69640 | Zot:5    | Found a huge runed gate.
 69661 | Zot:5    | Found a huge runed gate.
 69661 | Zot:5    | Found a huge runed gate.
 69661 | Zot:5    | Found a huge runed gate.
 69662 | Zot:5    | Found a huge runed gate.
 69663 | Zot:5    | Found a huge runed gate.
 69664 | Zot:5    | Found a huge runed gate.
 69665 | Zot:5    | Found a huge runed gate.
 69666 | Zot:5    | Found a huge runed gate.
 69667 | Zot:5    | Found a huge runed gate.
 69738 | Zot:5    | Found a huge runed gate.
 69739 | Zot:5    | Found a huge runed gate.
 69739 | Zot:5    | Found a huge runed gate.
 69754 | Zot:5    | Found a huge runed gate.
 69754 | Zot:5    | Found a huge runed gate.
 69754 | Zot:5    | Found a huge runed gate.
 69754 | Zot:5    | Found a huge runed gate.
 69754 | Zot:5    | Found a huge runed gate.
 69772 | Zot:5    | Found a huge runed gate.
 69780 | Zot:5    | Found a huge runed gate.
 69780 | Zot:5    | Found a huge runed gate.
 69780 | Zot:5    | Found a huge runed gate.
 69780 | Zot:5    | Found a huge runed gate.
 69780 | Zot:5    | Found a huge runed gate.
 69780 | Zot:5    | Found a huge runed gate.
 69781 | Zot:5    | Found a huge runed gate.
 69782 | Zot:5    | Found a huge runed gate.
 69794 | Zot:5    | Found a huge runed gate.
 69802 | Zot:5    | Found a huge runed gate.
 69802 | Zot:5    | Found a huge runed gate.
 69802 | Zot:5    | Found a huge runed gate.
 70713 | Slime:1  | Entered Level 1 of the Pits of Slime
 71769 | Slime:2  | Noticed Dissolution
 71780 | Slime:1  | Killed Dissolution
 72335 | Slime:5  | Entered Level 5 of the Pits of Slime
 72844 | Slime:5  | Paralysed by a floating eye for 3 turns
 73102 | Slime:5  | Found a viscous altar of Jiyva.
 73103 | Slime:5  | Noticed the Royal Jelly
 73120 | Slime:5  | Killed the Royal Jelly
 73214 | Slime:5  | Identified the +1 pair of boots of Asesygh {Str+4}
 73239 | Slime:5  | Got a slimy rune of Zot
 73291 | Slime:5  | Identified the +8 trident of Rett {vorpal, rPois Str+3}
 73313 | Slime:5  | Identified the +0 leather armour "Patsorug" {+Inv Regen+}
 73661 | Elf:1    | Killed freelancePsychic's ghost
 73935 | Elf:1    | Got Gijy's Catalogue of Creative Conjuration
 74289 | Vaults:2 | Killed SlowGraham's ghost
 74765 | Depths:3 | Voluntarily entered the Abyss.
 75238 | Abyss:3  | Found a corrupted altar of Lugonu.
 75295 | Abyss:3  | Paralysed by accursed screaming for 1 turns
 75372 | Abyss:3  | Found a sparkling altar of Nemelex Xobeh.
 75376 | Abyss:3  | Noticed an ancient lich
 75384 | Abyss:3  | Killed an ancient lich
 75692 | Abyss:3  | Learned a level 8 spell: Necromutation
 75718 | Abyss:3  | Gained mutation: You are frail. (-10% HP) [a neqoxec]
 75721 | Abyss:3  | Gained mutation: Your body often deteriorates upon taking
                  | damage. [a neqoxec]
 75727 | Abyss:3  | Lost mutation: Your spells are a little easier to cast, but
                  | a little less powerful. [potion of mutation]
 75727 | Abyss:3  | Lost mutation: Your body often deteriorates upon taking
                  | damage. [potion of mutation]
 75727 | Abyss:3  | Lost mutation: You are frail. (-10% HP) [potion of
                  | mutation]
 75727 | Abyss:3  | Gained mutation: [You are weak. (Str -2)] [potion of
                  | mutation]
 75727 | Abyss:3  | Gained mutation: You passively map a small area around you.
                  | [potion of mutation]
 75727 | Abyss:3  | Gained mutation: Your mind is acute. (Int +2) [potion of
                  | mutation]
 75942 | Abyss:3  | Paralysed by accursed screaming for 1 turns
 75951 | Abyss:3  | Got an abyssal rune of Zot
 75952 | Abyss:3  | Paralysed by accursed screaming for 1 turns
 75978 | Depths:3 | Escaped the Abyss
 76836 | D:10     | Bought a manual of Conjurations for 960 gold pieces
 76836 | D:10     | Bought a wand of iceblast (4) for 96 gold pieces
 77007 | Snake:4  | Bought a wand of iceblast (3) for 112 gold pieces
 77683 | Orc:2    | Bought a manual of Axes for 880 gold pieces
 78237 | Pan      | Entered Pandemonium
 78379 | Pan      | Noticed Teedgheps the pandemonium lord
 78379 | Pan      | Found a huge runed translucent gate.
 78379 | Pan      | Found a huge runed translucent gate.
 78379 | Pan      | Found a huge runed translucent gate.
 78379 | Pan      | Found a huge runed translucent gate.
 78379 | Pan      | Found a huge runed translucent gate.
 78379 | Pan      | Found a huge runed translucent gate.
 78379 | Pan      | Found a huge runed translucent gate.
 78395 | Pan      | Gained mutation: You sometimes lose the ability to read
                  | scrolls when taking damage. [a neqoxec]
 78397 | Pan      | Gained mutation: Your body often deteriorates upon taking
                  | damage. [a neqoxec]
 78398 | Pan      | Killed Teedgheps the pandemonium lord
 78409 | Pan      | Reached skill level 5 in Transmutations
 78411 | Pan      | Reached skill level 5 in Necromancy
 78413 | Pan      | Lost mutation: You sometimes lose the ability to read
                  | scrolls when taking damage. [potion of mutation]
 78413 | Pan      | Lost mutation: [You are weak. (Str -2)] [potion of
                  | mutation]
 78413 | Pan      | Lost mutation: You passively map a small area around you.
                  | [potion of mutation]
 78413 | Pan      | Gained mutation: You have sharp toenails. [potion of
                  | mutation]
 78478 | Pan      | Noticed Qirphak the pandemonium lord
 78484 | Pan      | Killed Qirphak the pandemonium lord
 78492 | Pan      | Gained mutation: You are frail. (-10% HP) [a neqoxec]
 78530 | Pan      | Cast into level 3 of the Abyss (reaper)
 78531 | Abyss:3  | Found a corrupted altar of Lugonu.
 78533 | Abyss:3  | Found a corrupted altar of Lugonu.
 78557 | Pan      | Escaped the Abyss
 78562 | Pan      | Entered the realm of Lom Lobon.
 78587 | Pan      | Learned a level 9 spell: Shatter
 78739 | Pan      | Found an exit through the horrors of the Abyss.
 79220 | Pan      | Noticed Lom Lobon
 79253 | Pan      | Killed Lom Lobon
 79295 | Pan      | Got a magical rune of Zot
 79440 | Pan      | Noticed Rawarph the pandemonium lord
 79451 | Pan      | Killed Rawarph the pandemonium lord
 79614 | Pan      | Reached skill level 1 in Axes
 79683 | Pan      | Reached skill level 5 in Axes
 79712 | Pan      | Found an exit through the horrors of the Abyss.
 79816 | Pan      | Identified the +0 ring mail of Masochism {rN+++ Will- rCorr
                  | MP-9}
 80028 | Pan      | Noticed Xoriluk the pandemonium lord
 80039 | Pan      | Killed Xoriluk the pandemonium lord
 80178 | Pan      | Entered the realm of Cerebov.
 80240 | Pan      | Reached skill level 10 in Axes
 80422 | Pan      | Identified the ring of Qyigyqyo {Ice rPois Str-3 Int-3
                  | Dex+9}
 80567 | Pan      | Found the +6 sword of Cerebov {flame}
 80567 | Pan      | Noticed Cerebov
 80700 | Pan      | Identified the +9 dagger of the Grave {elec, Stlth+}
 80915 | Pan      | Identified the ring "Hefoso" {rF+ rN+ Str+3 Int+6 Stlth-}
 81416 | Pan      | Killed Cerebov
 81580 | Pan      | Learned a level 1 spell: Apportation
 81623 | Pan      | Got the Catalogue of the Volcanoes and Arcane Weapons
 81638 | Pan      | Got a fiery rune of Zot
 81699 | Pan      | Entered the realm of Mnoleg.
 81719 | Pan      | Reached skill level 10 in Necromancy
 81719 | Pan      | Reached skill level 10 in Transmutations
 81763 | Pan      | Gained mutation: You are occasionally teleported next to
                  | monsters. [a neqoxec]
 81888 | Pan      | Learned a level 2 spell: Blink
 81913 | Pan      | Got the Catalogue of Changing
 81918 | Pan      | Learned a level 2 spell: Wereblood
 81933 | Pan      | Gained mutation: You have hidden genetic defects. [a
                  | neqoxec]
 82119 | Pan      | Lost mutation: Your mind is acute. (Int +2) [a neqoxec]
 82134 | Pan      | Gained mutation: You are sometimes teleported next to
                  | monsters. [a neqoxec]
 82203 | Pan      | Noticed Mnoleg
 82217 | Pan      | Killed Mnoleg
 82222 | Pan      | Gained mutation: You are clumsy. (Dex -2) [a cacodemon]
 82265 | Pan      | Got a glowing rune of Zot
 82304 | Pan      | Gained mutation: You are covered in fur. (AC +1) [a
                  | cacodemon]
 82308 | Pan      | Gained mutation: You do not regenerate when monsters are
                  | visible. [a neqoxec]
 82319 | Pan      | Lost mutation: Your body often deteriorates upon taking
                  | damage. [potion of mutation]
 82319 | Pan      | Lost mutation: You are frail. (-10% HP) [potion of
                  | mutation]
 82319 | Pan      | Gained mutation: You are strong-willed. (Will+) [potion of
                  | mutation]
 82320 | Pan      | Lost mutation: Your flesh is heat resistant. (rF+) [potion
                  | of mutation]
 82320 | Pan      | Lost mutation: Your body sometimes deteriorates upon taking
                  | damage. [potion of mutation]
 82320 | Pan      | Gained mutation: You are highly strong-willed. (Will++)
                  | [potion of mutation]
 82320 | Pan      | Gained mutation: You have very sharp teeth. [potion of
                  | mutation]
 82321 | Pan      | Lost mutation: You have very sharp teeth. [potion of
                  | mutation]
 82321 | Pan      | Lost mutation: You do not regenerate when monsters are
                  | visible. [potion of mutation]
 82321 | Pan      | Gained mutation: You have sharp fingernails. [potion of
                  | mutation]
 82348 | Pan      | Entered the realm of Gloorx Vloq.
 82416 | Pan      | Gained mutation: You are frail. (-10% HP) [hidden defects]
 82517 | Pan      | Found an exit through the horrors of the Abyss.
 82949 | Pan      | Noticed Gloorx Vloq
 82967 | Pan      | Gained mutation: You sometimes lose the ability to read
                  | scrolls when taking damage. [hidden defects]
 82967 | Pan      | Lost mutation: You have hidden genetic defects. [hidden
                  | defects expressed]
 83132 | Pan      | Killed Gloorx Vloq
 83147 | Pan      | Got a dark rune of Zot
 83530 | Pan      | Found an exit through the horrors of the Abyss.
 83582 | Pan      | Noticed Keran the pandemonium lord
 83608 | Pan      | Killed Keran the pandemonium lord
 83738 | Pan      | Noticed Ihuoresy the pandemonium lord
 83766 | Pan      | Lost mutation: You have sharp toenails. [potion of
                  | mutation]
 83766 | Pan      | Lost mutation: You are highly strong-willed. (Will++)
                  | [potion of mutation]
 83766 | Pan      | Gained mutation: Your magical capacity is low. (-10% MP)
                  | [potion of mutation]
 83766 | Pan      | Gained mutation: You have a pair of small horns on your
                  | head. [potion of mutation]
 83767 | Pan      | Lost mutation: You are clumsy. (Dex -2) [potion of
                  | mutation]
 83767 | Pan      | Lost mutation: You are sometimes teleported next to
                  | monsters. [potion of mutation]
 83767 | Pan      | Lost mutation: You have sharp fingernails. [potion of
                  | mutation]
 83767 | Pan      | Gained mutation: Your mind is acute. (Int +2) [potion of
                  | mutation]
 83768 | Pan      | Lost mutation: Your mind is acute. (Int +2) [potion of
                  | mutation]
 83768 | Pan      | Lost mutation: You are frail. (-10% HP) [potion of
                  | mutation]
 83768 | Pan      | Gained mutation: You tend to lose your temper in combat.
                  | [potion of mutation]
 83768 | Pan      | Gained mutation: You have sharp toenails. [potion of
                  | mutation]
 83769 | Pan      | Lost mutation: Your magical capacity is low. (-10% MP)
                  | [potion of mutation]
 83769 | Pan      | Lost mutation: You are strong-willed. (Will+) [potion of
                  | mutation]
 83769 | Pan      | Lost mutation: You are covered in fur. (AC +1) [potion of
                  | mutation]
 83769 | Pan      | Gained mutation: Armour fits poorly on your strangely
                  | shaped body. [potion of mutation]
 83770 | Pan      | Lost mutation: You have sharp toenails. [potion of
                  | mutation]
 83770 | Pan      | Lost mutation: You tend to lose your temper in combat.
                  | [potion of mutation]
 83770 | Pan      | Lost mutation: You have a pair of small horns on your head.
                  | [potion of mutation]
 83770 | Pan      | Gained mutation: A frigid envelope surrounds you and
                  | freezes all who hurt you. [potion of mutation]
 83770 | Pan      | Gained mutation: You are clumsy. (Dex -2) [potion of
                  | mutation]
 83770 | Pan      | Gained mutation: You have a somewhat thin skeletal
                  | structure. (Dex +2, Stealth+) [potion of mutation]
 83771 | Pan      | Lost mutation: You have a somewhat thin skeletal structure.
                  | (Dex +2, Stealth+) [potion of mutation]
 83771 | Pan      | Lost mutation: A frigid envelope surrounds you and freezes
                  | all who hurt you. [potion of mutation]
 83771 | Pan      | Lost mutation: You are clumsy. (Dex -2) [potion of
                  | mutation]
 83771 | Pan      | Lost mutation: You sometimes lose the ability to read
                  | scrolls when taking damage. [potion of mutation]
 83896 | Pan      | Found an exit through the horrors of the Abyss.
 84056 | Pan      | Noticed Yffoot the pandemonium lord
 84080 | Pan      | Killed Yffoot the pandemonium lord
 84995 | Pan      | Gained mutation: You are clumsy. (Dex -2) [a neqoxec]
 85131 | Pan      | Found an exit through the horrors of the Abyss.
 85134 | Pan      | Gained mutation: You occasionally shout uncontrollably at
                  | your foes. [a neqoxec]
 85136 | Pan      | Gained mutation: Your body sometimes deteriorates upon
                  | taking damage. [a neqoxec]
 85205 | Pan      | Noticed Sih Dirph the pandemonium lord
 85216 | Pan      | Killed Sih Dirph the pandemonium lord
 85224 | Pan      | Got a demonic rune of Zot
 85335 | Pan      | Took an exit into the Abyss.
 85335 | Abyss:1  | Escaped into the Abyss
 85393 | Depths:2 | Escaped the Abyss
 86157 | Hell     | Entered the Vestibule of Hell
 86157 | Hell     | Noticed Geryon
 86188 | Hell     | Killed Geryon
 86319 | Hell     | Found a gateway to the Iron City of Dis.
 86326 | Dis:1    | Entered Level 1 of the Iron City of Dis
 86343 | Dis:1    | Reached skill level 15 in Necromancy
 86343 | Dis:1    | Reached skill level 15 in Transmutations
 86925 | Dis:3    | Noticed a dread lich
 86938 | Hell     | Killed a dread lich
 88381 | Dis:5    | Mangled by a caustic shrike

Illustrated notes

Levels and vault maps discovered:
D:1:      evilmike_arrival_fibonacci_small, layout_basic,
          hellmonk_ecumenical_altar_leap_of_faith, grunt_decor_arrowhead
D:2:      layout_rooms
D:3:      layout_loops_corners, lemuel_flame_loot_1
D:4:      layout_basic, minmay_temple_entry_slanted, chequers_big_river
D:5:      layout_basic, nicolae_qazlal_general_emergency, uniq_sigmund
D:6:      layout_loops_ring, serial_shops, shop, serial_rivers,
          chequers_serial_rivers_room_a, chequers_serial_rivers_small_3,
          chequers_serial_rivers_large_a, chequers_serial_rivers_room_a,
          chequers_serial_rivers_small_3, enter_ossuary_5
D:7:      layout_loops_ring, okawaru_metal_pillars_3, lemuel_round_altar,
          uniq_crazy_yiuf_cottage, uniq_harold
D:8:      layout_cave_pods, lemuel_mausoleum_altar_yredelemnul,
          minmay_lair_entry_grove, serial_rivers,
          chequers_serial_rivers_micro_e, chequers_serial_rivers_micro_b,
          chequers_serial_rivers_room_a, chequers_serial_rivers_small_b,
          hangedman_decor_opposing
D:9:      layout_layer_cave, enter_bailey_3
D:10:     minmay_wavy_crystal, layout_long_grid, grunt_temple_overflow_open,
          david_orc_5, minivault_4, nicolae_blasting_shop, uniq_snorg
D:11:     layout_irregular_city, nicolae_inconvenience_store, minmay_radiant
D:12:     layout_grid_maze, nicolae_ru_sacrificial_ziggurat
D:13:     layout_rooms, hangedman_vaults_entry_quadrant_bands, serial_bayou,
          serial_bayou_pond_b, serial_bayou_shore_a, serial_bayou_pond_e,
          serial_bayou_shore_b, serial_shops, nicolae_shop_statue_plus
D:14:     layout_cave_pods, serial_shops, nicolae_square_shop
D:15:     gammafunk_enter_depths_forms, layout_gridville, minmay_misc_feat_chi,
          nicolae_hepliaklqana_hazy_memory
Temple:   eino_wide_crystal_templ
Lair:1:   layout_roguey, grunt_megastairs_3
Lair:2:   layout_roguey, serial_bayou_pond_b, nicolae_quartered_pool_medium
Lair:3:   layout_chaotic_city, minmay_snake_entry_six_corridors,
          nicolae_volcano_entry_s_turn
Lair:4:   layout_gridlike, skrybe_swamp_entry_bodies, uniq_nessos
Lair:5:   layout_hall_layers
Lair:6:   hangedman_lair_tendril_chambers, layout_regular_city,
          guppyfry_lair_end_dragon, slime_altar_1, cheibrodos_lair_lostbears
Swamp:1:  layout_basic_swamp, hangedman_swamp_ruin_wall,
          infiniplex_staircase_pool
Swamp:2:  layout_falls_marsh, evilmike_swamp_ruin_rubble_1,
          infiniplex_staircase_pool_2
Swamp:3:  layout_basic_swamp, hangedman_swamp_pad, nicolae_swamp_catching_bugs,
          uniq_bai_suzhen
Swamp:4:  swamp, layout_basic_swamp, grunt_lady_of_the_lake
Snake:1:  layout_misc_corridors, portal_ice_cave_entry_ugly_swarm, basic_altar,
          fake_guardian_serpent_vault
Snake:2:  layout_rooms, basic_altar, nicolae_snake_gridmaze_waves
Snake:3:  layout_chambers, uniq_vashnia, uniq_louise, uniq_mara
Snake:4:  grunt_snake_rune_pools, layout_layer_cave, serial_shops,
          shop_fountains, minmay_shop_star, uniq_aizul, uniq_agnes
Slime:1:  layout_caves
Slime:2:  layout_caves, dissolution_awaits
Slime:3:  layout_caves
Slime:4:  nicolae_slime_jelly_donut, layout_caves
Slime:5
Orc:1:    layout_caves, serial_shops, nicolae_shop_hallway_plus
Orc:2:    pf_orc_diabolical, layout_caves, uniq_sonja
Elf:1:    nicolae_elf_arrival_no_cutting_in_line, layout_onion_city,
          portal_desolation_entry_nicolae_forbidding_blocks,
          gammafunk_ghost_split, serial_shops, nicolae_shop_trees,
          minmay_elf_sorcery, minivault_5
Elf:2:    nicolae_elf_blades_splatter_lattice
          [nicolae_vaults_blade_armed_guards], layout_geoelf_diagonals,
          serial_shops, shop, basic_altar
Elf:3:    minmay_elf_hall_spiked, layout_loops_ring,
          nicolae_elf_double_double_double_trouble
Vaults:1: ontoclasm_vaults_shuriken, v_rooms_6, grunt_vaults_bifocal, v_misc_26,
          vaults_dpeg_hooks, vaults_room_pools, nicolae_vaults_little_squares_3,
          nicolae_vaults_rhombus_6, layout_vaults_big_room
Vaults:2: gammafunk_ghost_fury_of_okawaru, nicolae_vaults_yaktaur_gun_rack,
          minmay_crypt_entry_simple_statues, vaults_room_door_ring,
          nicolae_vaults_circle_grid_a, ontoclasm_vaults_fault,
          nicolae_vaults_what_the_h, vaults_room_hallway,
          nicolae_vaults_little_squares_1, ontoclasm_vaults_pinch,
          ontoclasm_vaults_shout, vaults_mumra_lcd, vaults_dpeg_encased_lava,
          nicolae_vaults_gold_heap, nicolae_vaults_little_squares_4,
          vaults_mumra_hex, layout_vaults_omnicross, serial_shops,
          nicolae_shop_behind_doors, uniq_donald, uniq_jory
Vaults:3: dpeg_vaults_monster_doublerow, hangedman_vaults_capsules,
          nicolae_vaults_network_star, vaults_mumra_chevron,
          nicolae_vaults_back_hallway, v_misc_15, vaults_room_door_hall,
          v_misc_1, ontoclasm_vaults_decontamination, hangedman_vaults_nails,
          nicolae_vaults_little_squares_6, vaults_room_pool, v_misc_17,
          ontoclasm_vaults_twist, hangedman_vaults_stretched_pinwheel,
          grunt_vaults_focal, layout_vaults_maze_bifur
Vaults:4: nicolae_vaults_shelves_hall, v_misc_3,
          nicolae_vaults_windows_and_doors_thing, nicolae_vaults_circle_grid_a,
          ontoclasm_vaults_ring_square, vaults_room_door_hall, v_pattern_5,
          hangedman_vaults_trim, nicolae_vaults_alarming, grunt_vaults_diagonal,
          layout_vaults_omnibox, uniq_mennas
Vaults:5: serial_shops, uniq_margery, uniq_sojobo
Crypt:1:  layout_gridlike, hex_intersection, grunt_crypt_arrival_guarded_gate
Crypt:2:  cheibrodos_crypt_cold_storage, layout_rooms, minivault_5
Crypt:3:  evilmike_haunted_forest
Depths:1: evilmike_silver_temple, layout_gridlike, grunt_hell_entry_dis_grunt,
          kennysheep_small_spiral, st_stairs_6,
          nemelex_xobeh_ov_fountains_minmay
Depths:2: evilmike_cross, layout_cave_pools, pf_vacation_house_of_asmodeus,
          grunt_pan_entry_zigzag, infiniplex_staircase_zigzag_5, uniq_nikola
Depths:3: dreamdust_isle_of_ice, layout_basic, enter_ziggurat_a, hellmouth_2,
          hangedman_abyss_entry_splay, minivault_16
Depths:4: evilmike_zot_entry_round, layout_honeycomb, serial_shops, shop_coins,
          shop, hangedman_decor_points, hangedman_coc_ice_floe, abyss_entry,
          uniq_enchantress, uniq_saint_roka
Hell
Dis:1:    layout_gridville, nicolae_hells_seeping_fissure
Dis:2:    layout_subdivisions
Dis:3:    layout_gridville
Dis:4:    nicolae_hells_demon_pit, layout_subdivisions
Dis:5:    layout_gridville
Zot:1:    layout_onion_interference, grunt_ministairs_7, grunt_megastairs_2
Zot:2:    layout_onion_interference, hellmonk_ghost_big_iron
Zot:3:    layout_gridlike, zot_minivault_1, grunt_megastairs_1
Zot:4:    kennysheep_blocky_room, layout_cathedral_of_symmetry
Zot:5:    layout_gridlike, not_door_vault_due

Skill      XL: |  1  2  3  4  5  6  7  8  9 10 11 12 13 14 15 16 17 18 19 20 21 22 23 24 25 26 27 |
---------------+----------------------------------------------------------------------------------+-----
Fighting       | 4 6 10 12 17 19 21 22 25 | 25.0
Maces & Flails | 4 5 7 8 10 12 14 16 18 20 21 22 24 26 27 | 27.0
Invocations    | 2 6 8 13 15 16 | 16.7
Armour         | 4 8 10 11 16 17 18 19 21 | 21.1
Dodging        | 6 10 12 15 16 19 | 19.7
Hexes          | 6 8 |  8.9
Spellcasting   | 5 7 |  7.5
Evocations     | 6 13 | 13.8
Translocations | 2 7 |  7.6
Summonings     | 6 9 |  9.2
Necromancy     | 16 | 16.1
Transmutations | 16 | 16.1
Axes           | 11 | 11.9
Stealth        | |  2.1

Action                   |  1- 3 |  4- 6 |  7- 9 | 10-12 | 13-15 | 16-18 | 19-21 | 22-24 | 25-27 || total
-------------------------+-------+-------+-------+-------+-------+-------+-------+-------+-------++-------
Melee: Mace              |   121 |    26 |       |       |       |       |       |       |       ||   147
       Flail             |       |   141 |   139 |       |       |       |       |       |       ||   280
       Punch             |       |     4 |     3 |     3 |       |       |       |    17 |       ||    27
       Whip              |       |       |   127 |   118 |       |       |       |       |    19 ||   264
       Great mace        |       |       |    23 |   192 |       |   396 |  1380 |  1304 |  3966 ||  7261
       Dire flail        |       |       |       |   246 |  1307 |  1019 |    21 |       |       ||  2593
       Morningstar       |       |       |       |       |       |       |       |   623 |       ||   623
       Battleaxe         |       |       |       |       |       |       |       |       |   297 ||   297
Throw: Stone             |       |       |     6 |     1 |     8 |     4 |     1 |       |     1 ||    21
       Throwing net      |       |       |       |       |       |       |       |       |     2 ||     2
 Cast: Wereblood         |       |       |       |       |       |       |       |       |    26 ||    26
       Blink             |       |       |       |       |       |       |       |       |     6 ||     6
       Confusing Touch   |       |       |       |       |       |       |       |       |     3 ||     3
       Apportation       |       |       |       |       |       |       |       |       |     2 ||     2
       Summon Mana Viper |       |       |       |       |       |       |       |       |     2 ||     2
Invok: Bend Time         |       |       |     2 |     4 |     2 |     4 |     3 |     1 |    27 ||    43
       Slouch            |       |       |       |     4 |    10 |    12 |    17 |     5 |    41 ||    89
       Temporal Distorti |       |       |       |     5 |     4 |     9 |    11 |     8 |    27 ||    64
       Step From Time    |       |       |       |       |     2 |     2 |     1 |       |     9 ||    14
 Abil: Evoke Blink       |       |       |       |       |       |       |       |       |     8 ||     8
Evoke: Wand              |       |       |     2 |    15 |    12 |    10 |     7 |       |    12 ||    58
       Tin of tremorston |       |       |       |       |     3 |     5 |     3 |     2 |    20 ||    33
       Lightning rod     |       |       |       |       |       |     4 |       |       |       ||     4
       Condenser vane    |       |       |       |       |       |       |       |       |     5 ||     5
       Horn of Geryon    |       |       |       |       |       |       |       |       |     2 ||     2
  Use: Scroll            |     5 |     6 |     8 |    10 |     7 |    17 |     8 |    11 |    27 ||    99
       Potion            |     1 |       |     4 |     8 |     3 |     5 |     4 |     1 |    27 ||    53
 Stab: Sleeping          |     3 |     2 |       |       |       |       |       |       |       ||     5
       Distracted        |     1 |       |       |       |     1 |       |       |       |     4 ||     6
       Invisible         |       |       |       |     4 |     6 |     1 |       |       |    11 ||    22
       Confused          |       |       |       |       |     1 |       |       |       |       ||     1
       Betrayed ally     |       |       |       |       |     1 |       |       |       |       ||     1
       Petrified         |       |       |       |       |       |       |       |       |    10 ||    10
       Held in net/web   |       |       |       |       |       |       |       |       |     5 ||     5
       Petrifying        |       |       |       |       |       |       |       |       |     2 ||     2
       Paralysed         |       |       |       |       |       |       |       |       |     1 ||     1
Armor: Ring mail         |    41 |    66 |    32 |       |       |       |       |       |       ||   139
       Robe              |     1 |       |       |       |       |       |       |       |       ||     1
       Scale mail        |       |       |    86 |   159 |       |       |       |       |       ||   245
       Chain mail        |       |       |       |    15 |   312 |       |       |       |       ||   327
       Plate armour      |       |       |       |       |    48 |   631 |       |       |       ||   679
       Gold dragon scale |       |       |       |       |       |   179 |   697 |   922 |  2616 ||  4414
Dodge: Dodged            |    70 |    82 |   106 |   444 |  1007 |  1422 |  1254 |  2179 |  5542 || 12106
Block: Other             |       |       |       |       |       |       |       |       |    54 ||    54
       Reflection        |       |       |       |       |       |       |       |       |     7 ||     7
